 Dungeon Crawl Stone Soup version 0.29-a0-321-gf1c400731a (webtiles) character file.

Game seed: 3107441088465639481

175 sammy202020 the Skirmisher (level 5, -5/63 HPs)
             Began as a Demonspawn Berserker on Apr 3, 2022.
             Was a Believer of Trog.
             Killed by nerve-wracking pain
             ... invoked by Grinder
              (6 damage)
             ... on level 3 of the Dungeon.
             The game lasted 00:04:07 (3287 turns).

sammy202020 the Skirmisher (Demonspawn Berserker)   Turns: 3287, Time: 00:04:08

Health: -5/63      AC: 10    Str: 17    XL:     5   Next: 29%
Magic:  14/14      EV:  7    Int: 10    God:    Trog [**....]
Gold:   195        SH:  0    Dex: 13    Spells: 4/4 levels left

rFire   . . .      SeeInvis .   a - +0 hand axe
rCold   . . .      Faith    .   (no shield)
rNeg    . . .      Spirit   .   w - +1 chain mail {rPois}
rPois   +          Reflect  .   (no helmet)
rElec   .          Harm     .   (no cloak)
rCorr   .          Rampage  .   (no gloves)
Will    .....                   (no boots)
Stlth   ..........              (no amulet)
HPRegen 0.20/turn               d - ring of flight
MPRegen 0.14/turn               h - ring of magical power

@: mighty, berserking, flying, very quick
A: hooves 1, powered by pain 1
a: Renounce Religion, Berserk, Trog's Hand


You were on level 3 of the Dungeon.
You worshipped Trog.
Trog was pleased with you.
You visited 1 branch of the dungeon, and saw 3 of its levels.

You collected 195 gold pieces.

Inventory:

Hand Weapons
 a - a +0 hand axe (weapon)
 o - a +0 club
 v - a +0 flail
Missiles
 r - 4 poisoned darts (quivered)
Armour
 w - a +1 chain mail of poison resistance (worn)
Jewellery
 d - a ring of flight (left hand)
 h - a ring of magical power (right hand)
Wands
 q - a wand of iceblast (4)
Scrolls
 c - a scroll of magic mapping {unknown}
 e - a scroll of noise {unknown}
 f - 2 scrolls of summoning {unknown}
 g - a scroll of teleportation {unknown}
 k - a scroll of immolation {unknown}
 l - 4 scrolls of identify {unknown}
 m - a scroll of blinking {unknown}
 n - a scroll of enchant weapon {unknown}
 p - 5 scrolls of fog {unknown}
 s - a scroll of enchant armour {unknown}
 t - a scroll of amnesia {unknown}
 u - a scroll of torment {unknown}
Potions
 b - a potion of degeneration {unknown}
 i - a potion of mutation {unknown}
 j - 3 potions of curing {unknown}


   Skills:
 * Level 4.2 Fighting
 * Level 3.7 Axes
 * Level 2.9 Armour
 + Level 2.4 Dodging


You had 4 spell levels left.
You didn't know any spells.
Your spell library was empty.

Dungeon Overview and Level Annotations

Branches:
Dungeon (3/15)

Altars:
Hepliaklqana
Nemelex Xobeh
Okawaru
Beogh

Shops:
D:1 ?

Annotations:
D:3 Grinder


Innate Abilities, Weirdness & Mutations

You have large cloven feet.
You sometimes gain a little power by taking damage.


Message History

Grinder gestures at you.
You barely resist.
The quokka bites you but does no damage.
There are monsters nearby!
You hit Grinder.
Grinder is heavily wounded.
You hit the quokka.
You kill the quokka!
Trog accepts your kill. Grinder hits you.
You hit Grinder. Your kick misses Grinder.
Grinder is heavily wounded.
Grinder closely misses you.
You closely miss Grinder.
Grinder is heavily wounded.
Grinder gestures at you. Pain shoots through your body!
* * * LOW HITPOINT WARNING * * *
You focus on the pain.
You feel very mighty all of a sudden.
You slash Grinder! Your kick misses Grinder.
Grinder is severely wounded.
Grinder gestures at you.
You suddenly lose the ability to move!
Grinder gestures at you. You resist with significant effort. Grinder hits you.
* * * LOW HITPOINT WARNING * * *
You writhe in agony.
* * * LOW HITPOINT WARNING * * *
Grinder hits you but does no damage.
You can move again.
A red film seems to cover your vision as you go berserk!
You feel yourself moving faster!
You feel mighty! Grinder hits you.
* * * LOW HITPOINT WARNING * * *
You closely miss Grinder.
Grinder is severely wounded.
Grinder gestures at you. Pain shoots through your body!
You die...

##...##
##.....##
##.......##
####
#.........#
....
+.........+
####
#.........#
#..5†...#
#..@..#
##...## ##'##
... #.# #.#
#.# #.# ##.##
#.# ##...##
### #.#
#.....#####.##
#.#
##...........#
#.#


You could see Grinder.

Vanquished Creatures
  An iguana (D:3)
  Natasha (D:3)
  An orc wizard (D:3)
  2 adders (D:2)
  3 dart slugs
  5 orcs (D:3)
  3 endoplasms (D:1)
  8 giant cockroaches
  3 goblins
  8 hobgoblins
  3 jackals (D:1)
  6 quokkas
  8 ball pythons
  5 bats
  4 frilled lizards
  2 kobolds
  7 rats
70 creatures vanquished.

Notes
Turn   | Place    | Note
-------+----------+-------------------------------------------
     0 | D:1      | sammy202020 the Demonspawn Berserker began the quest for
                  | the Orb.
     0 | D:1      | Reached XP level 1. HP: 18/18 MP: 1/1
   118 | D:1      | Found Besofeat's Magic Scroll Shop.
   379 | D:1      | Gained mutation: You have large cloven feet. [demonic
                  | ancestry]
   379 | D:1      | Reached XP level 2. HP: 24/24 MP: 2/2
   834 | D:1      | Reached ** piety under Trog
   942 | D:1      | Gained mutation: You sometimes gain a little power by
                  | taking damage. [demonic ancestry]
   942 | D:1      | Reached XP level 3. HP: 29/29 MP: 3/3
  1124 | D:1      | Found a faded altar of an unknown god.
  1337 | D:2      | Reached XP level 4. HP: 35/37 MP: 4/4
  1554 | D:2      | Found a hazy altar of Hepliaklqana.
  2474 | D:3      | Reached skill level 4 in Fighting
  2474 | D:3      | Reached XP level 5. HP: 8/42 MP: 5/5
  2980 | D:3      | Noticed Natasha
  2989 | D:3      | Killed Natasha
  3069 | D:3      | Found a sparkling altar of Nemelex Xobeh.
  3078 | D:3      | Found an iron altar of Okawaru.
  3265 | D:3      | Noticed Grinder
  3282 | D:3      | Paralysed by Grinder for 4 turns
  3284 | D:3      | HP: 2/42 [Grinder (4)]
  3287 | D:3      | Killed from afar by Grinder

Illustrated notes

Levels and vault maps discovered:
D:1:      minmay_arrival_loop, layout_rooms, serial_shops,
          nicolae_shop_statue_plus, hellmonk_ecumenical_altar_defaced_shrine,
          serial_rivers, chequers_serial_rivers_micro_b,
          chequers_serial_rivers_large_b, chequers_serial_rivers_micro_c,
          chequers_serial_rivers_micro_a, kennysheep_pointless_box
D:2:      layout_basic, basic_altar, amcnicky_mini_rare_corridor_liquid,
          fountainhead, st_stairs_10
D:3:      layout_loops_corners, mainiacjoe_overflow_large_starburst,
          uniq_grinder, uniq_natasha

Skill      XL: |  1  2  3  4 |
---------------+-------------+-----
Armour         | 2 |  2.9
Axes           | 3 |  3.7
Dodging        | 2 |  2.4
Fighting       | 4 |  4.2

Action                   |  1- 3 |  4- 6 || total
-------------------------+-------+-------++-------
Melee: Hand axe          |    89 |   104 ||   193
       Kick              |    21 |    28 ||    49
       Punch             |       |     1 ||     1
Invok: Berserk           |       |     1 ||     1
 Stab: Sleeping          |     2 |       ||     2
Armor: Animal skin       |     2 |       ||     2
       Ring mail         |    24 |    27 ||    51
       Chain mail        |       |    41 ||    41
Dodge: Dodged            |    45 |    59 ||   104

Table legend: (Time is in decaauts)
 A = Elapsed time spent in this place.
 B = Non-inter-level travel time spent in this place.
 C = Inter-level travel time spent in this place.
 D = Time resting spent in this place.
 E = Time spent auto-exploring this place.
 F = Levels seen in this place.
 G = Mean time per level.
                   A        B        C        D        E       F      G
               +--------+--------+--------+--------+--------+-----+--------+
         Total |   3311 |   3242 |     69 |      0 |   2726 |   3 | 1103.7 |
       Dungeon |   3311 |   3242 |     69 |      0 |   2726 |   3 | 1103.7 |
               +--------+--------+--------+--------+--------+-----+--------+

Top non-repeatable levels by time:
     D:3: 1299 daAuts
     D:1: 1182 daAuts
     D:2: 829 daAuts
